SL
PHILADELPHIA 1776 BC @ SEATTLE AVIATORS
08/29/2032
 
TOP OF THE 1ST
Philadelphia 1776 BC batting - Pitching for Seattle Aviators : RHP José Lucero
Pitching: RHP José Lucero
Batting: LHB Kelvin Abbott 0-0: Fly out, F9 (Line Drive, 9S)
Batting: LHB José Rodríguez 0-0: Ball
1-0: Foul Ball, location: 2F
1-1: Foul Ball, location: 2F
1-2: Ball
2-2: Foul Ball, location: 2F
2-2: Foul Ball, location: 2F
2-2: Foul Ball, location: 2F
2-2: Ball
3-2: Fly out, F6 (Popup, 6M)
Batting: LHB Juan Montés 0-0: Called Strike
0-1: Foul Ball, location: 2F
0-2: Foul Ball, location: 2F
0-2: Ball
1-2: Fly out, F9 (Flyball, 9S)
Top of the 1st over - 0 runs, 0 hits, 0 errors, 0 left on base; Philadelphia 1776 0 - Seattle 0
BOTTOM OF THE 1ST
Seattle Aviators batting - Pitching for Philadelphia 1776 BC : RHP Elroy Thompkins
Pitching: RHP Elroy Thompkins
Batting: SHB Nuygen Vuong 0-0: Ball
1-0: Called Strike
1-1: Ground out U3 (Groundball, 34S)
Batting: LHB Vinski Prifti 0-0: Called Strike
0-1: Fly out, F9 (Line Drive, 9)
Batting: LHB Kenny Webster 0-0: SINGLE (Groundball, 34D)
Batting: RHB Ludwig Kluge 0-0: Ball
1-0: Ball
2-0: Called Strike
2-1: Ground out 4-3 (Groundball, 4)
Bottom of the 1st over - 0 runs, 1 hit, 0 errors, 1 left on base; Philadelphia 1776 0 - Seattle 0
TOP OF THE 2ND
Philadelphia 1776 BC batting - Pitching for Seattle Aviators : RHP José Lucero
Batting: RHB Karl Blanke 0-0: Ball
1-0: Ball
2-0: Called Strike
2-1: Foul Ball, location: 2F
2-2: Ball
3-2: Foul Ball, location: 2F
3-2: Strikes out swinging
Batting: SHB Sam Quint 0-0: Called Strike
0-1: Swinging Strike
0-2: Ball
1-2: Ball
2-2: SINGLE (Line Drive, 89M)
Batting: RHB Mario Castillo 0-0: Ball
1-0: Called Strike
1-1: Fly out, F9 (Line Drive, 89M)
Batting: RHB Phil Moore 0-0: Ball
1-0: Ground out U3 (Groundball, 3S)
Top of the 2nd over - 0 runs, 1 hit, 0 errors, 1 left on base; Philadelphia 1776 0 - Seattle 0
BOTTOM OF THE 2ND
Seattle Aviators batting - Pitching for Philadelphia 1776 BC : RHP Elroy Thompkins
Batting: LHB Arana Sashi 0-0: Called Strike
0-1: Ball
1-1: Ball
2-1: Swinging Strike
2-2: Ball
3-2: Foul Ball, location: 2F
3-2: SINGLE (Groundball, 4MD)
Batting: RHB Seon-keun Kim 0-0: Foul Ball, location: 2F
0-1: Swinging Strike
0-2: Ball
1-2: Grounds into double play, 1-6-3 (Groundball, P)
Batting: LHB Pedro Corona 0-0: Called Strike
0-1: Swinging Strike
0-2: Foul Ball, location: 2F
0-2: Ball
1-2: Strikes out swinging
Bottom of the 2nd over - 0 runs, 1 hit, 0 errors, 0 left on base; Philadelphia 1776 0 - Seattle 0
TOP OF THE 3RD
Philadelphia 1776 BC batting - Pitching for Seattle Aviators : RHP José Lucero
Batting: RHB Kevin Malone 0-0: Called Strike
0-1: Foul Ball, location: 2F
0-2: Ball
1-2: Ball
2-2: Ball
3-2: Base on Balls
Batting: RHB Mikko Haataja 0-0: Called Strike
0-1: Ball
1-1: Called Strike
1-2: Ball
2-2: Grounds into double play, 5-4-3 (Groundball, 5L)
Batting: LHB Kelvin Abbott 0-0: Ground out 6-3 (Groundball, 4MD)
Top of the 3rd over - 0 runs, 0 hits, 0 errors, 0 left on base; Philadelphia 1776 0 - Seattle 0
BOTTOM OF THE 3RD
Seattle Aviators batting - Pitching for Philadelphia 1776 BC : RHP Elroy Thompkins
Batting: RHB Logan Namajunas 0-0: Called Strike
0-1: Ball
1-1: Ball
2-1: Ground out 3-1 (Groundball, 34S)
Batting: RHB Alfredo Méndez 0-0: Called Strike
0-1: Ball
1-1: Foul Ball, location: 2F
1-2: Ground out 6-3 (Groundball, 6)
Batting: SHB Nuygen Vuong 0-0: Ball
1-0: Called Strike
1-1: Ball
2-1: Ball
3-1: Called Strike
3-2: Foul Ball, location: 2F
3-2: Foul Ball, location: 2F
3-2: Strikes out swinging
Bottom of the 3rd over - 0 runs, 0 hits, 0 errors, 0 left on base; Philadelphia 1776 0 - Seattle 0
TOP OF THE 4TH
Philadelphia 1776 BC batting - Pitching for Seattle Aviators : RHP José Lucero
Batting: LHB José Rodríguez 0-0: Ball
1-0: Called Strike
1-1: DOUBLE (Line Drive, 8RXD)
Batting: LHB Juan Montés 0-0: Called Strike
0-1: Swinging Strike
0-2: Ball
1-2: Ball
2-2: Strikes out swinging
Batting: RHB Karl Blanke 0-0: Ball
1-0: Called Strike
José Rodríguez is caught stealing 3rd base
1-1: Foul Ball, location: 2F
1-2: Fly out, F8 (Flyball, 8RS)
Top of the 4th over - 0 runs, 1 hit, 0 errors, 0 left on base; Philadelphia 1776 0 - Seattle 0
BOTTOM OF THE 4TH
Seattle Aviators batting - Pitching for Philadelphia 1776 BC : RHP Elroy Thompkins
Batting: LHB Vinski Prifti 0-0: Called Strike
0-1: Called Strike
0-2: Fly out, F8 (Line Drive, 8RS)
Batting: LHB Kenny Webster 0-0: Foul Ball, location: 2F
0-1: Foul Ball, location: 2F
0-2: Foul Ball, location: 2F
0-2: Strikes out looking
Batting: RHB Ludwig Kluge 0-0: Ball
1-0: Fly out, F4 (Line Drive, 4M)
Bottom of the 4th over - 0 runs, 0 hits, 0 errors, 0 left on base; Philadelphia 1776 0 - Seattle 0
TOP OF THE 5TH
Philadelphia 1776 BC batting - Pitching for Seattle Aviators : RHP José Lucero
Batting: SHB Sam Quint 0-0: Ball
1-0: Ball
2-0: Called Strike
2-1: SOLO HOME RUN (Flyball, 9D), Distance : 337 ft
Batting: RHB Mario Castillo 0-0: Ground out 5-3 (Groundball, 56)
Batting: RHB Phil Moore 0-0: Ball
1-0: Foul Ball, location: 2F
1-1: Fly out, F7 (Flyball, 78M)
Batting: RHB Kevin Malone 0-0: Fly out, F7 (Flyball, 7D)
Top of the 5th over - 1 run, 1 hit, 0 errors, 0 left on base; Philadelphia 1776 1 - Seattle 0
BOTTOM OF THE 5TH
Seattle Aviators batting - Pitching for Philadelphia 1776 BC : RHP Elroy Thompkins
Batting: LHB Arana Sashi 0-0: Fly out, F5 (Line Drive, 56S)
Batting: RHB Seon-keun Kim 0-0: Called Strike
0-1: Ball
1-1: Ball
2-1: Ball
3-1: Foul Ball, location: 2F
3-2: Foul Ball, location: 2F
3-2: Base on Balls
Batting: LHB Pedro Corona 0-0: Ball
1-0: Ball
2-0: Ball
3-0: Base on Balls
Seon-keun Kim to second
Batting: RHB Logan Namajunas 0-0: Foul Ball, location: 2F
0-1: Ball
1-1: Ball
2-1: Foul Ball, location: 2F
2-2: Strikes out looking
Batting: RHB Alfredo Méndez 0-0: Called Strike
0-1: Ball
1-1: Foul Ball, location: 2F
1-2: Foul Ball, location: 2F
1-2: Fielders Choice at 2nd, 5-4 (Groundball, 56)
Bottom of the 5th over - 0 runs, 0 hits, 0 errors, 2 left on base; Philadelphia 1776 1 - Seattle 0
TOP OF THE 6TH
Philadelphia 1776 BC batting - Pitching for Seattle Aviators : RHP José Lucero
Batting: RHB Mikko Haataja 0-0: Foul Ball, location: 2F
0-1: Called Strike
0-2: Ball
1-2: Foul Ball, location: 2F
1-2: Strikes out swinging
Batting: LHB Kelvin Abbott 0-0: Ball
1-0: Fly out, F8 (Flyball, 8RXD)
Batting: LHB José Rodríguez 0-0: Swinging Strike
0-1: Ball
1-1: Ball
2-1: Called Strike
2-2: Ball
3-2: Fly out, F6 (Popup, 6MD)
Top of the 6th over - 0 runs, 0 hits, 0 errors, 0 left on base; Philadelphia 1776 1 - Seattle 0
BOTTOM OF THE 6TH
Seattle Aviators batting - Pitching for Philadelphia 1776 BC : RHP Elroy Thompkins
Batting: SHB Nuygen Vuong 0-0: Ball
1-0: Swinging Strike
1-1: Fly out, F7 (Flyball, 7D)
Batting: LHB Vinski Prifti 0-0: Foul Ball, location: 2F
0-1: Foul Ball, location: 2F
0-2: Ball
1-2: Ground out 3-1 (Groundball, 34S)
Batting: LHB Kenny Webster 0-0: Ball
1-0: Called Strike
1-1: Ground out 5-3 (Groundball, 56S)
Bottom of the 6th over - 0 runs, 0 hits, 0 errors, 0 left on base; Philadelphia 1776 1 - Seattle 0
TOP OF THE 7TH
Philadelphia 1776 BC batting - Pitching for Seattle Aviators : RHP José Lucero
Batting: LHB Juan Montés 0-0: Ball
1-0: Called Strike
1-1: Called Strike
1-2: Ball
2-2: Foul Ball, location: 2F
2-2: Ground out 4-3 (Groundball, 4S)
Batting: RHB Karl Blanke 0-0: Foul Ball, location: 2F
0-1: Ball
1-1: DOUBLE (Flyball, 8RXD)
Batting: SHB Sam Quint 0-0: Swinging Strike
0-1: Called Strike
0-2: Ball
1-2: Foul Ball, location: 2F
1-2: Fly out, F8 (Line Drive, 89M)
Batting: RHB Mario Castillo Balk!
Karl Blanke to third
0-0: Ball
1-0: Fly out, F7 (Flyball, 7)
Top of the 7th over - 0 runs, 1 hit, 0 errors, 1 left on base; Philadelphia 1776 1 - Seattle 0
BOTTOM OF THE 7TH
Seattle Aviators batting - Pitching for Philadelphia 1776 BC : RHP Elroy Thompkins
Batting: RHB Ludwig Kluge 0-0: Ball
1-0: Ball
2-0: Called Strike
2-1: Ground out 5-3 (Groundball, 56)
Batting: LHB Arana Sashi 0-0: Ball
1-0: Fly out, F7 (Flyball, 78S)
Batting: RHB Seon-keun Kim 0-0: Ball
1-0: Called Strike
1-1: Ground out 6-3 (Groundball, 6)
Bottom of the 7th over - 0 runs, 0 hits, 0 errors, 0 left on base; Philadelphia 1776 1 - Seattle 0
TOP OF THE 8TH
Philadelphia 1776 BC batting - Pitching for Seattle Aviators : RHP José Lucero
Batting: RHB Phil Moore 0-0: Ball
1-0: Swinging Strike
1-1: Ball
2-1: Foul Ball, location: 2F
2-2: Strikes out looking
Batting: RHB Kevin Malone 0-0: Called Strike
0-1: Ball
1-1: Ground out 1-3 (Groundball, 13S)
Batting: RHB Mikko Haataja 0-0: Called Strike
0-1: Foul Ball, location: 2F
0-2: Ground out 6-3 (Groundball, 6)
Top of the 8th over - 0 runs, 0 hits, 0 errors, 0 left on base; Philadelphia 1776 1 - Seattle 0
BOTTOM OF THE 8TH
Seattle Aviators batting - Pitching for Philadelphia 1776 BC : RHP Elroy Thompkins
Batting: LHB Pedro Corona 0-0: Ground out 4-3 (Groundball, 4S)
Batting: RHB Logan Namajunas 0-0: Called Strike
0-1: Ball
1-1: Ball
2-1: Swinging Strike
2-2: Ball
3-2: Fly out, F6 (Line Drive, 6)
Batting: RHB Alfredo Méndez 0-0: Ball
1-0: Ground out 4-3 (Groundball, 34)
Bottom of the 8th over - 0 runs, 0 hits, 0 errors, 0 left on base; Philadelphia 1776 1 - Seattle 0
TOP OF THE 9TH
Philadelphia 1776 BC batting - Pitching for Seattle Aviators : RHP José Lucero
Batting: LHB Kelvin Abbott 0-0: Called Strike
0-1: Swinging Strike
0-2: Strikes out swinging
Batting: LHB José Rodríguez 0-0: Ball
1-0: Ball
2-0: Swinging Strike
2-1: Foul Ball, location: 2F
2-2: Strikes out looking
Batting: LHB Juan Montés 0-0: Foul Ball, location: 2F
0-1: Foul Ball, location: 2F
0-2: SINGLE (Flyball, 7LM)
Pitching: LHP Holden Rosen Grupp
Batting: RHB Karl Blanke 0-0: Ball
1-0: Foul Ball, location: 2F
1-1: Ball
2-1: Ground out 5-3 (Groundball, 56S)
Top of the 9th over - 0 runs, 1 hit, 0 errors, 1 left on base; Philadelphia 1776 1 - Seattle 0
BOTTOM OF THE 9TH
Seattle Aviators batting - Pitching for Philadelphia 1776 BC : RHP Elroy Thompkins
Batting: SHB Nuygen Vuong 0-0: Called Strike
0-1: Ball
1-1: Foul Ball, location: 2F
1-2: Ball
2-2: Ground out 1-3 (Groundball, 13S)
Batting: LHB Vinski Prifti 0-0: SINGLE (Groundball, 34) (infield hit)
Pitching: RHP Tony Solíz
Batting: LHB Kenny Webster 0-0: Called Strike
0-1: Called Strike
0-2: Ball
1-2: Ball
2-2: Ball
3-2: Fly out, F8 (Flyball, 8RD)
Batting: RHB Ludwig Kluge 0-0: Ball
1-0: Ball
2-0: Called Strike
2-1: DOUBLE (Line Drive, 7D)
Vinski Prifti to third
Runner from 3rd tries for Home, SAFE, throw made at trailing runner, OUT at third!
Bottom of the 9th over - 1 run, 2 hits, 0 errors, 0 left on base; Philadelphia 1776 1 - Seattle 1
TOP OF THE 10TH
Philadelphia 1776 BC batting - Pitching for Seattle Aviators : LHP Holden Rosen Grupp
Batting: SHB Sam Quint 0-0: Ball
1-0: Ground out 3-1 (Groundball, 34S)
Batting: RHB Mario Castillo 0-0: Foul Ball, location: 2F
0-1: Ball
1-1: Ball
2-1: Ball
3-1: Called Strike
3-2: Foul Ball, location: 2F
3-2: Ground out 6-3 (Groundball, 6)
Batting: RHB Phil Moore 0-0: Fly out, F9 (Flyball, 89S)
Top of the 10th over - 0 runs, 0 hits, 0 errors, 0 left on base; Philadelphia 1776 1 - Seattle 1
BOTTOM OF THE 10TH
Seattle Aviators batting - Pitching for Philadelphia 1776 BC : RHP Tony Solíz
Batting: LHB Arana Sashi 0-0: Fly out, F8 (Line Drive, 8LM)
Batting: RHB Seon-keun Kim 0-0: Ball
1-0: Ball
2-0: Fly out, F8 (Line Drive, 8RM)
Batting: LHB Pedro Corona 0-0: Called Strike
0-1: Swinging Strike
0-2: Ground out 4-3 (Groundball, 4)
Bottom of the 10th over - 0 runs, 0 hits, 0 errors, 0 left on base; Philadelphia 1776 1 - Seattle 1
TOP OF THE 11TH
Philadelphia 1776 BC batting - Pitching for Seattle Aviators : LHP Holden Rosen Grupp
Batting: RHB Kevin Malone 0-0: Ball
1-0: SINGLE (Line Drive, 6D)
Pinch Hitting: RHB Eddie Sachs 0-0: Ball
1-0: Called Strike
1-1: Swinging Strike
1-2: Foul Ball, location: 2F
1-2: Ball
2-2: Strikes out swinging
Batting: LHB Kelvin Abbott 0-0: SINGLE (Groundball, 34D)
Kevin Malone to second
Runner from 2nd tries for 3rd, SAFE, no throw
Pinch Hitting: RHB John Schnatter 0-0: Called Strike
0-1: Called Strike
0-2: Ball
1-2: Strikes out looking
Pitching: LHP Yajirobei Otomo
Batting: LHB Juan Montés 0-0: Foul Ball, location: 2F
0-1: Ball
1-1: Ball
2-1: Called Strike
2-2: Strikes out swinging
Top of the 11th over - 0 runs, 2 hits, 0 errors, 2 left on base; Philadelphia 1776 1 - Seattle 1
BOTTOM OF THE 11TH
Seattle Aviators batting - Pitching for Philadelphia 1776 BC : RHP Tony Solíz
Now at SS: Kent Summey
Now in LF: John Schnatter
Batting: RHB Logan Namajunas 0-0: Ball
1-0: Called Strike
1-1: DOUBLE (Groundball, 5L)
Batting: RHB Alfredo Méndez 0-0: Foul Ball, location: 2F
0-1: Called Strike
0-2: Foul Ball, location: 2F
0-2: Foul Ball, location: 2F
0-2: DOUBLE (Flyball, 89D)
Logan Namajunas scores
Wednesday, September 19th, 2018 - OOTP Baseball 18.8 Build 76